Map: Tourmaline LE

Players

HoldTheDoor

  • Race: Protoss Protoss
  • League: Diamond
  • Spawn Location: 7:00

EnTaroAdun - Winner!

  • Race: Protoss Protoss
  • League: Diamond
  • Spawn Location: 1:00

VOD

Have the link to the VOD?

Description

Time

  • Played on: May 18, 2026, 12:43 p.m.
  • Length: 15:42
Show
View Real Time Build Order
Export as new Build Order

HoldTheDoor Protoss 

Build Orders:  

Get SALT Encoding   

  12  0:00  Probe  
  13  0:12  Probe  
  14  0:17  Pylon  
  14  0:23  Probe  
  15  0:31  Probe  
  15  0:39  Gateway  
  15  0:40  Probe  
  17  0:50  Assimilator  
  17  1:03  Assimilator  
  16  1:06  Probe  
  17  1:13  Gateway  
  18  1:18  Probe  
  18  1:30  Probe  
  19  1:33  Cybernetics Core  
  19  1:39  Pylon  
  19  1:42  Probe  
  20  1:54  Probe  
  20  1:59  Adept x2  
  21  2:06  Probe  
  22  2:14  Warp Gate  
  26  2:19  Pylon  
  26  2:21  Probe  
  27  2:29  Adept  
  31  2:38  Probe  
  32  2:49  Pylon, Stalker  
  32  3:15  Stalker  
  32  3:22  Shield Battery  
  32  3:26  Stargate  
  30  3:34  Stalker  
  30  3:38  Probe  
  31  4:05  Stalker  
  31  4:07  Oracle  
  31  4:17  Shield Battery  
  31  4:20  Probe  
  35  4:25  Sentry  
  35  4:29  Stalker  
  39  4:32  Probe  
  39  4:36  Pylon  
  40  4:38  Twilight Council  
  40  4:41  Gateway  
  40  4:44  Gateway, Phoenix  
  42  4:55  Blink  
  42  5:00  Stalker x2  
  43  5:23  Stalker  
  43  5:26  Zealot  
  47  5:50  Stalker x3  
  47  5:54  Zealot  
  55  6:05  Pylon  
  55  6:07  Pylon  
  55  6:23  Probe  
  56  6:32  Zealot x4  
  60  6:46  Pylon x2  
  60  6:48  Pylon  
  60  6:50  Charge  
  60  7:00  Shield Battery  
  60  7:11  Robotics Facility  
  60  7:35  Nexus  
  60  7:38  Pylon  
  60  7:40  Sentry  
  62  7:53  Robotics Facility  
  62  8:03  Forge  
  62  8:08  Observer  
  63  8:13  Probe  
  64  8:22  Shield Battery  
  64  8:35  Pylon  
  64  8:50  Zealot  
  64  8:51  Zealot  
  65  9:04  Zealot x2  
  68  9:19  Probe x2  
  70  9:31  Probe  
  70  9:33  Probe  
  72  9:42  Photon Cannon  
  72  9:43  Probe  
  73  9:57  Photon Cannon  
  73  10:00  Zealot  
  73  10:01  Photon Cannon  
  73  10:02  Sentry  
  73  10:23  Stalker x3  
  79  10:29  Probe  
  79  10:30  Probe  
  81  10:45  Nexus  
  81  10:48  Probe  
  82  11:06  Zealot  
  82  11:07  Zealot x3  
  90  11:15  Probe x2  
  92  11:20  Photon Cannon  
  92  11:25  Protoss Ground Weapons Level 1  
  92  11:26  Photon Cannon  
  92  11:33  Templar Archives  
  92  11:36  Pylon  
  92  11:46  Immortal  
  96  11:52  Phoenix  
  98  12:05  Fleet Beacon  
  98  12:08  Pylon  
  98  12:10  Probe  
  98  12:12  Probe  
  100  12:17  Pylon  
  100  12:24  Probe  
  100  12:26  Immortal  
  105  12:35  Probe x2  
  107  12:40  Probe  
  108  12:47  Probe  
  108  12:48  Probe  
  110  13:00  Stargate  
  110  13:03  Stargate, Carrier  
  116  13:05  Stargate  
  116  13:15  Probe  
  116  13:16  Probe  
  116  13:18  Assimilator  
  118  13:20  Assimilator  
  118  13:23  Assimilator  
  118  13:24  Probe  
  118  13:25  Assimilator  
  119  13:28  Probe x2  
  119  13:30  Zealot x4  
  129  13:36  Probe  
  129  13:40  Probe x2  
  132  13:45  Pylon  
  133  13:48  Probe  
  133  13:51  Carrier  
  133  13:52  Probe  
  140  14:00  Carrier  
  146  14:08  Probe  
  147  14:16  Probe x2  
  149  14:20  Carrier  
  155  14:24  Zealot  
  155  14:29  Pylon  
  157  14:32  Pylon  
  157  14:33  Shield Battery  
  157  14:34  Shield Battery  
  163  14:54  Probe x3  
  132  15:29  Zealot  
  132  15:30  Zealot x3  
Show
View Real Time Build Order
Export as new Build Order

EnTaroAdun Protoss - Winner!

Build Orders: Zealot Archon 

Get SALT Encoding   

  12  0:00  Probe  
  13  0:12  Probe  
  14  0:20  Pylon  
  14  0:25  Probe  
  15  0:39  Gateway  
  15  0:47  Forge  
  15  1:02  Assimilator  
  14  1:05  Assimilator  
  14  1:07  Probe  
  15  1:13  Gateway  
  15  1:19  Probe  
  16  1:26  Cybernetics Core  
  16  1:29  Probe  
  17  1:37  Probe  
  17  1:43  Pylon  
  17  1:45  Probe  
  19  1:54  Adept  
  19  1:55  Adept  
  19  1:58  Probe  
  24  2:09  Warp Gate  
  24  2:12  Probe  
  25  2:24  Probe  
  25  2:26  Stalker  
  25  2:29  Stalker  
  28  2:36  Probe  
  31  2:45  Pylon  
  31  2:55  Pylon  
  30  3:23  Stalker  
  30  3:24  Stalker  
  34  3:29  Pylon  
  34  3:48  Robotics Facility  
  34  3:51  Twilight Council  
  34  3:53  Gateway  
  34  3:55  Gateway  
  32  4:13  Stalker  
  32  4:14  Stalker  
  36  4:19  Charge  
  36  4:29  Shield Battery, Pylon  
  36  4:35  Warp Prism  
  38  5:19  Stalker x3  
  38  5:20  Stalker  
  46  5:29  Pylon  
  46  5:32  Pylon  
  44  5:47  Observer  
  45  5:57  Zealot x4  
  51  6:21  Zealot  
  51  6:22  Zealot x3  
  42  6:40  Probe, Warp Prism  
  44  6:53  Nexus  
  44  7:00  Templar Archives  
  44  7:05  Pylon  
  44  7:08  Adept  
  46  7:09  Zealot  
  48  7:16  Pylon  
  48  7:34  Gateway  
  48  7:47  High Templar x2  
  48  7:48  High Templar x2  
  56  7:52  Archon x2  
  56  7:55  Probe  
  57  8:01  Gateway  
  57  8:07  Probe  
  57  8:09  Probe  
  59  8:16  Probe  
  59  8:17  Probe  
  60  8:26  Zealot  
  63  8:27  Zealot  
  63  8:33  Probe  
  64  8:35  Probe  
  66  8:45  Probe, Zealot  
  66  8:46  Zealot x2  
  66  8:47  Zealot  
  75  8:53  Zealot  
  71  9:06  Probe x2  
  63  9:18  Probe x2  
  65  9:24  High Templar  
  65  9:26  High Templar  
  65  9:30  Nexus, High Templar x2, Probe  
  65  9:31  Probe  
  75  9:34  Archon x2  
  75  9:42  Shield Battery  
  75  9:43  Probe  
  76  9:46  Probe  
  76  9:49  Assimilator  
  76  9:51  Assimilator  
  76  9:52  Pylon  
  77  9:55  Probe  
  77  9:56  Pylon  
  78  10:04  Probe  
  79  10:09  Zealot x2  
  82  10:37  Zealot x2  
  82  10:38  Zealot  
  82  10:42  Nexus  
  88  10:51  Shield Battery  
  88  10:56  Pylon  
  84  11:15  Probe  
  84  11:18  High Templar x2  
  79  11:19  High Templar x3  
  79  11:22  Archon  
  79  11:23  Archon  
  79  11:24  High Templar  
  89  11:30  Probe  
  89  11:31  Immortal  
  90  11:33  Forge  
  90  11:35  Forge  
  90  11:36  Protoss Ground Weapons Level 1  
  90  11:39  Archon, Pylon  
  90  11:46  Blink  
  94  11:54  Protoss Shields Level 1  
  94  11:55  Gateway  
  94  11:57  Gateway  
  94  11:58  Gateway  
  94  11:59  Probe  
  94  12:00  Probe  
  94  12:01  Gateway  
  94  12:02  Probe  
  94  12:07  Probe  
  97  12:08  Probe  
  97  12:10  Observer  
  97  12:14  Probe  
  101  12:20  Probe  
  101  12:22  Probe  
  102  12:26  Probe  
  102  12:28  Immortal  
  108  12:32  Probe  
  109  12:37  Assimilator  
  109  12:41  Assimilator  
  109  12:45  Pylon  
  109  12:53  Probe  
  109  12:54  Probe x2  
  112  13:02  Probe x2  
  112  13:05  Nexus, Probe  
  112  13:07  Observer  
  112  13:10  High Templar x2  
  112  13:12  High Templar  
  122  13:13  Probe  
  122  13:15  Archon  
  122  13:16  High Templar  
  122  13:18  Probe  
  126  13:20  Pylon  
  126  13:23  Pylon  
  126  13:24  Assimilator  
  126  13:25  Probe  
  126  13:26  Archon  
  127  13:28  Assimilator  
  127  13:29  Photon Cannon  
  127  13:30  Pylon  
  127  13:31  Photon Cannon  
  127  13:38  Photon Cannon  
  127  13:48  Probe x3  
  130  13:52  High Templar  
  130  13:53  High Templar  
  134  13:56  Stalker x2  
  134  13:57  Stalker  
  134  13:59  Archon  
  140  14:03  Warp Prism  
  142  14:15  Probe x3  
  145  14:25  Probe  
  145  14:27  Probe x3  
  145  14:29  Stalker x4  
  157  14:37  Probe  
  158  14:39  Observer  
  158  14:44  Probe x3  
  162  14:49  Probe  
  163  14:56  Probe x2  
  165  15:04  Stalker x4  
  165  15:05  Stalker x5  
  161  15:34  Zealot x3  
  161  15:35  Zealot x7  
Tags
 
Composition
Zealot Archon
Matchup
PvP
Replay Pack
SC2Mai2026
Spawn Locations
Cross Positions
Add a new tag
Caveats
  • Supply blocks, unpowered buildings, or Contaminate may cause inaccurate times.
  • Supply counts are checked every 10 seconds.